 Dungeon Crawl Stone Soup version 0.25-a0-410-g53dbb631d1 (webtiles) character file.

Game seed: 4230521452007759337, levelgen mode: deterministic

11648 Enkuryo the Cleaver (level 11, -3/100 HPs)
             Began as a Minotaur Fighter on Jan 13, 2020.
             Was a Priest of the Shining One.
             Slain by Snorg (20 damage)
             ... on level 11 of the Dungeon.
             The game lasted 01:16:40 (14037 turns).

Enkuryo the Cleaver (Minotaur Fighter)             Turns: 14037, Time: 01:16:40

Health: -3/100     AC: 14    Str: 28    XL:     11   Next: 52%
Magic:  10/10      EV:  7    Int:  6    God:    the Shining One [***...]
Gold:   672        SH: 19    Dex: 10    Spells: 10/10 levels left

rFire    + . .     SeeInvis .   a - +3 war axe (freeze)
rCold    . . .     Gourm    .   r - +0 large shield
rNeg     + + .     Faith    .   m - +4 scale mail {rF+}
rPois    .         Spirit   .   (helmet restricted)
rElec    .         Reflect  .   (no cloak)
rCorr    .         Harm     .   k - +0 pair of gloves
MR       .....                  (no boots)
Stlth    ..........             (no amulet)
HPRegen  0.26/turn              n - +5 ring of strength
MPRegen  0.12/turn              u - ring of positive energy

@: about to teleport, glowing
A: retaliatory headbutt, horns 2
a: Divine Shield, Renounce Religion


You were on level 11 of the Dungeon.
You worshipped the Shining One.
The Shining One was most pleased with you.
You were not hungry.

You visited 1 branch of the dungeon, and saw 11 of its levels.

You collected 672 gold pieces.

Inventory:

Hand Weapons
 a - a +3 war axe of freezing (weapon)
 b - a +0 battleaxe
Armour
 k - a +0 pair of gloves (worn)
 m - a +4 scale mail of fire resistance (worn)
 r - a +0 large shield (worn)
Jewellery
 n - a +5 ring of strength (left hand)
 u - a ring of positive energy (right hand)
Wands
 q - a wand of flame (49)
Scrolls
 h - 3 scrolls of amnesia
 o - 10 scrolls of remove curse
 s - a scroll of fog
 t - 2 scrolls of teleportation
Potions
 c - 2 potions of cancellation
 d - 2 potions of might
 i - 2 potions of flight
 l - a potion of brilliance
 p - 2 potions of agility
Comestibles
 f - 7 rations


   Skills:
 + Level 10.2 Fighting
 * Level 13.1 Axes
 + Level 10.3 Armour
 * Level 11.6 Shields


You had 10 spell levels left.
You didn't know any spells.
Your spell library contained the following spells:

 Spells                   Type           Power        Failure   Level  Hunger
 Beastly Appendage        Tmut           #.....       99%         1    ##.....
 Sticks to Snakes         Tmut           #.......     100%        2    ###....
 Spider Form              Tmut/Pois      #.........   100%        3    ####...
 Ice Form                 Ice/Tmut       #.......     100%        4    #####..
 Blade Hands              Tmut           #.........   100%        5    ######.


Dungeon Overview and Level Annotations

Branches:
Dungeon (11/15)            Temple (0/1) D:6
   Lair: D:8-11         Orc: D:9-12

Altars:
Cheibriados
Dithmenos
Elyvilon
Fedhas
Gozag
Hepliaklqana
Kikubaaqudgha
Okawaru
Qazlal
Sif Muna
Uskayaw
Wu Jian
Xom
The Shining One

Annotations:
D:11 Snorg


Innate Abilities, Weirdness & Mutations

You reflexively headbutt those who attack you in melee.
You have a pair of horns on your head.


Message History

The Shining One accepts your kill.
You feel better.
You block Snorg's attack. x2; Snorg claws you!
You slash Snorg! You freeze Snorg.
Snorg is severely wounded.
Snorg bites you!
You block Snorg's attack. x2; Snorg bites you!
Snorg claws you but does no damage. Snorg claws you.
You slash Snorg! You freeze Snorg.
Snorg is severely wounded.
You block Snorg's attack. Snorg claws you.
* * * LOW HITPOINT WARNING * * *
You block Snorg's attack.
A hound comes into view.
The hound barks!
Snorg rages.
Snorg bites you!
* * * LOW HITPOINT WARNING * * *
You block Snorg's attack. x2
As you read the scroll of teleportation, it crumbles to dust.
You feel strangely unstable. Snorg bites you!!
You die...

#..# #$.# #..#
#..# #.. #.#
##########.###
#.......@T9..#
#.########........
#.# #........ #.#
### #....###. #.#
#.. .....# ### #.#
#.# ##...# ..##
#.# #.# #...#
##... #.# #.#
#h<.## #....
#.####.####....$
....#


You could see Snorg (berserk) and a gargoyle.

Vanquished Creatures
  Josephine (D:10)
  Fannar (D:11)
  2 two-headed ogres
  Sonja (D:10)
  Pikel (D:6)
  A cyclops (D:11)
  Maurice (D:9)
  Psyche (D:9)
  A hornet (D:10)
  3 trolls
  A spriggan (D:7)
  5 wraiths (D:10)
  A wyvern (D:10)
  A steam dragon (D:10)
  2 hungry ghosts
  A water moccasin (D:6)
  Duvessa (D:6)
  A black bear (D:7)
  2 orc warriors
  2 phantoms
  3 sky beasts
  5 ogres
  2 centaurs
  A necrophage (D:11)
  A big kobold (D:7)
  4 bullfrogs
  Dowan (D:6)
  6 scorpions
  15 killer bees
  A water moccasin skeleton (D:11)
  4 howler monkeys
  3 wights (D:6)
  3 crimson imps
  2 bullfrog zombies
  A centaur zombie (D:8)
  7 hounds
  A jelly (D:7)
  A quasit (D:7)
  A centaur skeleton (D:4)
  4 orc priests
  10 orc wizards
  Jessica (D:2)
  2 iguanas
  3 worker ants
  2 hound skeletons
  A howler monkey skeleton (D:5)
  9 adders
  A shadow imp (D:5)
  An adder zombie (D:5)
  7 worms
  2 dart slugs
  8 leopard geckos
  37 orcs
  2 giant cockroaches (D:3)
  6 goblins
  7 hobgoblins
  10 kobolds
  2 ball pythons
  6 bats
  3 frilled lizards
  A leopard gecko zombie (D:5)
  8 rats
  A fungus (D:1)
226 creatures vanquished.

Vanquished Creatures (others)
  2 slaves (D:6)
  A centaur (D:6)
3 creatures vanquished.

Grand Total: 229 creatures vanquished

Notes
Turn   | Place    | Note
-------+----------+-------------------------------------------
     0 | D:1      | Enkuryo the Minotaur Fighter began the quest for the Orb.
     0 | D:1      | Reached XP level 1. HP: 19/19 MP: 0/0
   310 | D:1      | Reached XP level 2. HP: 21/27 MP: 1/1
   998 | D:2      | Found an iron altar of Okawaru.
  1012 | D:2      | Reached skill level 3 in Axes
  1012 | D:2      | Reached XP level 3. HP: 31/33 MP: 2/2
  1041 | D:2      | Found an iron altar of Okawaru.
  1640 | D:2      | Noticed Jessica
  1648 | D:2      | Killed Jessica
  1648 | D:2      | Reached XP level 4. HP: 37/41 MP: 3/3
  2132 | D:2      | You fall into a shaft and drop 1 floor!
  2173 | D:3      | Reached skill level 4 in Axes
  2173 | D:3      | Reached XP level 5. HP: 12/47 MP: 4/4
  3061 | D:3      | Found a glowing golden altar of the Shining One.
  3068 | D:3      | Became a worshipper of the Shining One
  3271 | D:4      | Found a blossoming altar of Fedhas.
  3287 | D:4      | Reached skill level 5 in Shields
  3290 | D:4      | Reached skill level 5 in Fighting
  3290 | D:4      | Reached skill level 5 in Armour
  3290 | D:4      | Reached XP level 6. HP: 48/56 MP: 5/5
  3367 | D:4      | Reached skill level 5 in Axes
  3712 | D:4      | Found a white marble altar of Elyvilon.
  3767 | D:4      | Found a hazy altar of Hepliaklqana.
  4300 | D:5      | Entered Level 5 of the Dungeon
  4308 | D:5      | Reached XP level 7. HP: 60/61 MP: 6/6
  4315 | D:5      | Reached skill level 6 in Axes
  4598 | D:5      | Reached * piety under the Shining One
  5176 | D:5      | Found a shimmering blue altar of Sif Muna.
  5215 | D:5      | Found a shimmering altar of Xom.
  5225 | D:5      | Found a stormy altar of Qazlal.
  5245 | D:5      | Found an opulent altar of Gozag.
  5270 | D:5      | Found an ornate altar of the Wu Jian Council.
  5271 | D:5      | Found a hide-covered altar of Uskayaw.
  5672 | D:6      | Noticed Pikel
  5682 | D:6      | Killed Pikel
  5682 | D:6      | Reached skill level 8 in Axes
  5682 | D:6      | Reached XP level 8. HP: 42/71 MP: 7/7
  6012 | D:6      | Found a staircase to the Ecumenical Temple.
  6316 | D:6      | Noticed Duvessa
  6316 | D:6      | Noticed Dowan
  6321 | D:6      | Killed Duvessa
  6321 | D:6      | Reached skill level 9 in Axes
  6321 | D:6      | Reached XP level 9. HP: 79/79 MP: 8/8
  6335 | D:6      | Killed Dowan
  7729 | D:7      | Found an ancient bone altar of Kikubaaqudgha.
  7741 | D:7      | Reached ** piety under the Shining One
  7752 | D:7      | Reached skill level 10 in Axes
  7801 | D:7      | Found a snail-covered altar of Cheibriados.
  8892 | D:8      | Found a shadowy altar of Dithmenos.
  9932 | D:9      | Noticed a troll
  9941 | D:9      | Killed a troll
  9941 | D:9      | Reached XP level 10. HP: 80/90 MP: 9/9
 10664 | D:9      | Noticed Psyche
 10667 | D:9      | Killed Psyche
 10667 | D:9      | Reached skill level 11 in Axes
 10949 | D:9      | Noticed Maurice
 10958 | D:9      | Killed Maurice
 11179 | D:9      | Noticed a two-headed ogre
 11186 | D:9      | Killed a two-headed ogre
 11391 | D:10     | Entered Level 10 of the Dungeon
 11568 | D:10     | Reached skill level 10 in Shields
 11569 | D:10     | Noticed Sonja
 11595 | D:10     | HP: 3/91 [poisoned by Sonja (curare-tipped dart)]
 12065 | D:10     | Reached skill level 12 in Axes
 12134 | D:10     | Noticed Josephine
 12144 | D:10     | Killed Josephine
 12149 | D:10     | Reached XP level 11. HP: 69/99 MP: 10/10
 12155 | D:10     | Reached *** piety under the Shining One
 12820 | D:10     | Killed Sonja
 12943 | D:10     | Reached skill level 10 in Armour
 13032 | D:10     | Reached skill level 10 in Fighting
 13423 | D:11     | Noticed a two-headed ogre
 13438 | D:11     | Killed a two-headed ogre
 13452 | D:11     | Noticed Fannar
 13512 | D:11     | Killed Fannar
 13512 | D:11     | Reached skill level 13 in Axes
 14023 | D:11     | Noticed Snorg
 14037 | D:11     | Slain by Snorg

Levels and vault maps discovered:
D:1:      dpeg_arrival_prison, layout_loops_ring
D:2:      layout_basic, nicolae_overflow_crystal_walls, first_ration,
          kennysheep_okawaru_gauntlet, uniq_jessica
D:3:      layout_loops_cross, tso_altar
D:4:      layout_basic, kennysheep_mini_moat, lemuel_crystal_altar,
          elyvilon_altar_3, chequers_serial_rivers_large_a
D:5:      layout_basic, lemuel_blue_sif_altar, minitemple
D:6:      layout_basic, minmay_temple_entry_fiery, uniq_pikel, uniq_duvessa
D:7:      layout_basic, lemuel_doored_altar, the_bakery, cheibrodos_worm_habitat
D:8:      layout_gridville, grunt_dithmenos_smoke_and_mirrors
D:9:      layout_basic, library_closet, minivault_20, uniq_maurice, uniq_psyche
D:10:     layout_stronghold, nicolae_two_hexagons, uniq_josephine, uniq_sonja
D:11:     cheibrodos_statue_roulette, layout_loops_ring, david_lair_generic,
          uniq_maggie, uniq_snorg, uniq_fannar

Skill      XL: |  1  2  3  4  5  6  7  8  9 10 11 |
---------------+----------------------------------+-----
Fighting       | 4 5 6 7 8 9 10 | 10.2
Armour         | 4 5 6 7 8 9 10 | 10.3
Shields        | 4 5 6 7 8 10 11 | 11.6
Axes           | 3 4 5 8 9 10 12 13 | 13.1

Action                   |  1- 3 |  4- 6 |  7- 9 | 10-12 || total
-------------------------+-------+-------+-------+-------++-------
Melee: War axe           |    93 |    89 |   214 |   181 ||   577
       Headbutt          |    21 |    13 |    32 |    28 ||    94
Invok: Divine Shield     |       |       |       |     1 ||     1
  Use: Scroll            |     7 |     4 |    16 |     9 ||    36
       Potion            |     4 |     2 |     4 |     5 ||    15
  Eat: Ration            |     1 |     2 |     4 |     4 ||    11
       Chunk             |     1 |       |     6 |     4 ||    11
Armor: Scale mail        |    28 |     2 |    59 |    74 ||   163
       Chain mail        |     6 |    42 |       |       ||    48
Dodge: Dodged            |    27 |    22 |    37 |    49 ||   135
Block: Shield            |    47 |    55 |    90 |       ||   192
       Large shield      |       |       |    16 |   223 ||   239

Table legend:
 A = Non-vault XP
 B = Vault XP
 C = Vault XP percentage of total XP
 D = Non-vault monster count
 E = Vault monster count
 F = Vault count percentage of total count
                 A         B        C        D         E       F
            +---------+---------+-------+---------+---------+-------
      Total |    9577 |    7063 |  42.4 |     207 |      18 |   8.0
            +---------+---------+-------+---------+---------+-------
        D:1 |      22 |       0 |   0.0 |      13 |       0 |   0.0
        D:2 |      70 |      37 |  34.6 |      26 |       1 |   3.7
        D:3 |     199 |       0 |   0.0 |      26 |       0 |   0.0
        D:4 |     336 |       0 |   0.0 |      13 |       0 |   0.0
        D:5 |     525 |       0 |   0.0 |      19 |       0 |   0.0
        D:6 |    1014 |     970 |  48.9 |      19 |       3 |  13.6
        D:7 |    1413 |     225 |  13.7 |      22 |       2 |   8.3
        D:8 |     291 |       0 |   0.0 |       9 |       0 |   0.0
        D:9 |    1021 |    1841 |  64.3 |      15 |       4 |  21.1
       D:10 |    2782 |    2983 |  51.7 |      30 |       7 |  18.9
       D:11 |    1904 |    1007 |  34.6 |      15 |       1 |   6.2
            +---------+---------+-------+---------+---------+-------
